 Dungeon Crawl Stone Soup version 0.29.1-4-g47bece8355 (webtiles) character file.

Game seed: 16323455342149412450

18690 Hiippo the Executioner (level 12, -5/118 HPs)
             Began as a Hill Orc Fighter on Dec 2, 2022.
             Was an Elder of Beogh.
             Killed by divine providence
             ... invoked by an orc high priest
              (15 damage)
             ... on level 2 of the Orcish Mines.
             The game lasted 01:08:15 (12167 turns).

Hiippo the Executioner (Hill Orc Fighter)          Turns: 12167, Time: 01:08:16

Health: -5/118     AC: 19    Str: 28    XL:     12   Next: 61%
Magic:  19/21      EV:  8    Int:  9    God:    Beogh [****..]
Gold:   315        SH:  0    Dex:  9    Spells: 11/11 levels left

rFire   + . .      SeeInvis .   f - +11 executioner's axe "Wujoc" {pain, MP+9 Int+2}
rCold   + . .      Faith    .   (shield currently unavailable)
rNeg    + . .      Spirit   .   N - +6 chain mail of the Northern Lights {Rampage}
rPois   .          Reflect  .   G - +0 helmet
rElec   .          Harm     .   A - scarf {rC+ rF+}
rCorr   .          Rampage  +   Q - +0 pair of gloves
Will    +....                   P - +1 pair of boots {Fly}
Stlth   ..........              s - amulet of regeneration
HPRegen 1.09/turn               j - ring of positive energy
MPRegen 0.17/turn               C - ring of willpower

@: about to teleport, flying
A: strong 1
a: Renounce Religion, Smiting, Recall Orcish Followers


You were on level 2 of the Orcish Mines.
You worshipped Beogh.
Beogh was greatly pleased with you.
You visited 2 branches of the dungeon, and saw 13 of its levels.

You collected 1092 gold pieces.
You spent 777 gold pieces at shops.

Inventory:

Hand Weapons
 a - a +1 war axe
 f - the +11 executioner's axe "Wujoc" (weapon) {pain, MP+9 Int+2}
   (You acquired it on level 3 of the Dungeon)

   In the hands of one skilled in necromantic magic, it inflicts extra damage on
   living creatures.
   Int:       It affects your intelligence (+2).
   MP:        It affects your magic capacity (+9).
 k - a +2 hand axe of electrocution
Missiles
 F - 9 boomerangs
 K - 3 stones
 L - 6 poisoned darts (quivered)
Armour
 b - a +0 scale mail
 c - a +1 buckler
 e - a +0 ring mail
 n - a +0 chain mail
 t - a +0 pair of boots
 A - a scarf of resistance (worn)
 B - a +0 plate armour
 G - a +0 helmet (worn)
 N - the +6 chain mail of the Northern Lights (worn) {Rampage}
   (You found it on level 10 of the Dungeon)

   Rampage:   It bestows one free step when moving towards enemies.
 P - a +1 pair of boots of flying (worn)
 Q - a +0 pair of gloves (worn)
Jewellery
 j - a ring of positive energy (left hand)
 s - an amulet of regeneration (around neck)
 C - a ring of willpower (right hand)
 E - a ring of magical power
 J - a ring of protection from cold
Wands
 i - a wand of roots (6)
 r - a wand of polymorph (11)
 R - a wand of mindburst (1)
Scrolls
 l - 6 scrolls of enchant armour
 m - 2 scrolls of magic mapping
 q - 3 scrolls of teleportation
 v - 3 scrolls of identify
 w - 2 scrolls of vulnerability
 x - a scroll of enchant weapon
 y - 4 scrolls of immolation
 z - a scroll of acquirement
 D - 3 scrolls of brand weapon {unknown}
 I - a scroll of silence {unknown}
Potions
 d - 2 potions of might
 g - 2 potions of haste
 h - 4 potions of flight
 o - 2 potions of ambrosia {unknown}
 p - 3 potions of invisibility
 u - 6 potions of curing
 H - 2 potions of cancellation
Miscellaneous
 O - a phantom mirror (inert)


   Skills:
 + Level 14.4 Fighting
 * Level 21.0 Axes
 - Level 3.3 Armour
 - Level 3.3 Shields


You had 11 spell levels left.
You didn't know any spells.
Your spell library contained the following spells:

 Spells                   Type           Power      Damage    Failure   Level
 Magic Dart               Conj           0%         1d3       93%         1
 Necrotise                Necr           0%         1d4       93%         1
 Ignite Poison            Fire/Tmut/Pois 0%         N/A       100%        3
 Inner Flame              Hex/Fire       0%         N/A       100%        3
 Mephitic Cloud           Conj/Pois/Air  0%         N/A       100%        3
 Animate Dead             Necr           0%         N/A       100%        4
 Cause Fear               Hex            0%         N/A       100%        4
 Blade Hands              Tmut           0%         N/A       100%        5
 Borgnjor's Vile Clutch   Necr/Erth      0%         N/A       100%        5
 Freezing Cloud           Conj/Ice/Air   0%         6-21      100%        5
 Irradiate                Conj/Tmut      0%         3d11      100%        5
 Death Channel            Necr           0%         N/A       100%        6
 Dragon Form              Tmut           0%         N/A       100%        7
 Discord                  Hex            0%         N/A       100%        8


Dungeon Overview and Level Annotations

Branches:
Dungeon (11/15)            Temple (0/1) D:6            Lair (0/5) D:10
    Orc (2/2) D:9             Elf (0/3) Orc:2

Altars:
Cheibriados
Dithmenos
Elyvilon
Fedhas
Hepliaklqana
Kikubaaqudgha
Qazlal
Uskayaw
Vehumet
Wu Jian
Yredelemnul
The Shining One

Shops:
D:1 ([(*(   Orc:2 *

Annotations:
D:11 Fannar


Innate Abilities, Weirdness & Mutations

Your muscles are strong. (Str +4, Int/Dex -1)


Message History

The orc high priest hits your sun demon with a +0 hand axe!
Your chaos spawn gores the ice devil!
Your chaos spawn sears the ice devil!
You feel much better.
Your sun demon closely misses the orc high priest.
The hellwing barely misses you.
The hellwing hits you but does no damage.
The ice devil hits you but does no damage.
The orc high priest hits you but does no damage.
The orc knight hits you but does no damage.
The orc high priest hits your chaos spawn with a +0 hand axe!
The orc high priest hits your sun demon with a +0 hand axe.
Your orc high priest barely misses the hellwing.
Your chaos spawn closely misses the orc high priest.
You slice the hellwing!!
The hellwing is heavily wounded.
You completely miss the ice devil.
Your sun demon closely misses the orc high priest.
The hellwing hits you but does no damage. x2
The ice devil barely misses you.
The orc high priest hits you from afar with a +0 trident!
Your orc high priest hits the hellwing from afar with a +0 glaive.
The orc high priest barely misses your chaos spawn.
The orc high priest hits your sun demon but does no damage.
The orc knight hits you from afar with a +0 glaive!!
* * * LOW HITPOINT WARNING * * *
Your chaos spawn barely misses the orc high priest.
The ice devil attacks as you move away!
The ice devil hits you but does no damage.
Your sun demon misses the orc high priest.
The hellwing hits you but does no damage.
The hellwing hits you.
* * * LOW HITPOINT WARNING * * *
The ice devil hits your soul eater but does no damage.
The orc knight hits your chaos spawn with a +0 glaive!!!
Your chaos spawn dies!
Your chaos spawn degenerates into a cloud of primal chaos!
The orc high priest mumbles some strange prayers to Beogh against you.
Beogh smites you!
You die...
Beogh appreciates the orc high priest's killing of a heretic priest.

####### #....#.
###.....### #.....o
###.........####..o$#.
##.......))....##....## #
#........)......#......
#.#.#.#.#.#)#.#.#.#......
.)...3)))).)))))..)......
#.#.oo§o)))))))))).......
....3o43@))))))))........
#.#.#.#4#.#.#.#)#.#......
#...o....)).).).#......
##.............##......
###.........####......
###.....### ......
####### ..... #... #..


You could see an orc knight (strong), 2 orc high priests, a hellwing (summoned,
ally target), an ice devil (summoned, ally target), a sixfirhy (summoned), an
orc priest (strong), a friendly soul eater (summoned), a friendly orc high
priest and a friendly sun demon (summoned).

Vanquished Creatures
  Snorg (D:11)
  3 two-headed ogres (D:10)
  Pikel (D:6)
  4 orc knights
  A deep elf pyromancer (D:10)
  An orc sorcerer (Orc:1)
  An ugly thing (D:10)
  An unseen horror zombie (D:8)
  An unseen horror (D:9)
  4 komodo dragons (D:10)
  5 trolls
  A hornet (D:9)
  Sigmund (D:4)
  2 wyverns
  A vampire (D:10)
  9 yaks
  2 wraiths
  A basilisk (D:10)
  3 steam dragons
  Menkaure (D:5)
  Edmund (D:4)
  2 wargs
  2 water moccasins
  Duvessa (D:4)
  13 orc warriors
  A swamp drake (D:10)
  A sky beast (D:7)
  2 black bears
  An ice beast (D:6)
  4 ogres
  2 lemures (D:6)
  4 centaurs
  4 kobold brigands
  3 phantoms
  3 bullfrogs
  A gnoll sergeant (D:5)
  2 necrophages
  5 wights (D:9)
  A wyvern zombie (D:8)
  Dowan (D:4)
  7 howler monkeys
  2 electric eels (D:11)
  A gnoll bouda (D:6)
  A centaur zombie (D:8)
  5 orc priests
  2 jellies (D:6)
  5 hounds
  Jessica (D:3)
  4 iguanas
  10 orc wizards
  2 killer bee zombies (D:8)
  3 howler monkey zombies (D:8)
  Robin (D:2)
  10 adders
  14 gnolls
  2 ufetubi (D:5)
  9 worms
  30 orcs
  7 ball pythons
  6 bats
  5 endoplasms
  7 giant cockroaches
  12 goblins
  10 hobgoblins
  9 quokkas
  13 frilled lizards
  12 kobolds
  5 rats
293 creatures vanquished.

Vanquished Creatures (collateral kills)
  An orc warlord (Orc:2)
  3 orc knights (Orc:2)
  A troll (Orc:2)
  7 orc warriors
  A gnoll bouda (Orc:2)
  11 orc priests
  An orc wizard (Orc:2)
  A gnoll (Orc:2)
  7 orcs (Orc:2)
33 creatures vanquished.

Vanquished Creatures (others)
  12 orc warriors
  11 orc priests (Orc:2)
  4 orc wizards (D:10)
  31 orcs
  38 plants
96 creatures vanquished.

Grand Total: 422 creatures vanquished

Notes
Turn   | Place    | Note
-------+----------+-------------------------------------------
     0 | D:1      | Hiippo the Hill Orc Fighter began the quest for the Orb.
     0 | D:1      | Reached XP level 1. HP: 19/19 MP: 1/1
    80 | D:1      | Reached skill level 3 in Axes
    96 | D:1      | Reached XP level 2. HP: 27/27 MP: 2/2
   202 | D:1      | Found Eplora's Weapon Shoppe.
   234 | D:1      | Found Foqil's Armour Shoppe.
   478 | D:1      | Found Xuit's General Store.
   489 | D:1      | Found a faded altar of an unknown god.
   568 | D:1      | Found Vaseped's Antique Weapon Shoppe.
   706 | D:1      | Found Tacoisch's Antique Weapon Boutique.
   716 | D:1      | Reached XP level 3. HP: 32/33 MP: 3/3
   736 | D:1      | Reached skill level 4 in Axes
   825 | D:2      | Noticed Robin
   835 | D:2      | Killed Robin
   855 | D:2      | Found a hide-covered altar of Uskayaw.
   903 | D:2      | Reached XP level 4. HP: 37/41 MP: 4/4
  1054 | D:2      | Reached skill level 5 in Axes
  1515 | D:2      | Reached XP level 5. HP: 33/47 MP: 5/5
  1852 | D:3      | Found a snail-covered altar of Cheibriados.
  1931 | D:3      | Found a shadowy altar of Dithmenos.
  1932 | D:3      | Found an ancient bone altar of Kikubaaqudgha.
  1964 | D:3      | Reached skill level 5 in Fighting
  2037 | D:3      | Reached skill level 6 in Axes
  2503 | D:3      | Noticed Jessica
  2511 | D:3      | Killed Jessica
  2560 | D:3      | Identified a scroll of acquirement
  2560 | D:3      | Acquired the +11 executioner's axe "Wujoc" {pain, MP+9
                  | Int+2}
  2635 | D:4      | Noticed Edmund
  2642 | D:4      | Killed Edmund
  2643 | D:4      | Reached skill level 7 in Axes
  2643 | D:4      | Reached XP level 6. HP: 36/56 MP: 6/6
  2946 | D:4      | Noticed Sigmund
  2960 | D:4      | Killed Sigmund
  2961 | D:4      | Reached skill level 8 in Axes
  2961 | D:4      | Reached XP level 7. HP: 49/63 MP: 7/7
  3170 | D:4      | Reached skill level 9 in Axes
  3199 | D:4      | Noticed Duvessa
  3210 | D:4      | Killed Duvessa
  3229 | D:4      | Noticed Dowan
  3252 | D:4      | Killed Dowan
  3663 | D:5      | Entered Level 5 of the Dungeon
  3674 | D:5      | Reached XP level 8. HP: 73/73 MP: 8/8
  3726 | D:5      | Noticed Menkaure
  3727 | D:5      | Reached skill level 10 in Axes
  3733 | D:5      | HP: 2/73 [Menkaure (15)]
  3735 | D:5      | Killed Menkaure
  4093 | D:5      | Found an ornate altar of the Wu Jian Council.
  4377 | D:5      | Found a white marble altar of Elyvilon.
  4704 | D:6      | Became a worshipper of Beogh the Brigand
  4723 | D:6      | Reached skill level 11 in Axes
  4776 | D:6      | Found a hazy altar of Hepliaklqana.
  4794 | D:6      | Found a radiant altar of Vehumet.
  5299 | D:6      | Noticed Pikel
  5302 | D:6      | Reached skill level 12 in Axes
  5308 | D:6      | Killed Pikel
  5309 | D:6      | Reached XP level 9. HP: 54/83 MP: 9/9
  5424 | D:6      | Reached skill level 13 in Axes
  5623 | D:6      | Found a glowing golden altar of the Shining One.
  5629 | D:6      | Found a blossoming altar of Fedhas.
  5962 | D:6      | Reached * piety under Beogh
  6020 | D:6      | Found a staircase to the Ecumenical Temple.
  6265 | D:6      | Gained mutation: Your mind is acute. (Int +4, Str/Dex -1)
                  | [potion of mutation]
  6265 | D:6      | Lost mutation: Your mind is acute. (Int +4, Str/Dex -1)
                  | [potion of mutation]
  6265 | D:6      | Gained mutation: Your muscles are strong. (Str +4, Int/Dex
                  | -1) [potion of mutation]
  6566 | D:7      | Reached skill level 14 in Axes
  6913 | D:1      | Bought an amulet of regeneration for 420 gold pieces
  7094 | D:7      | Reached skill level 10 in Fighting
  7171 | D:7      | Reached XP level 10. HP: 93/93 MP: 10/10
  7519 | D:8      | Found a basalt altar of Yredelemnul.
  7530 | D:8      | Reached skill level 15 in Axes
  8047 | D:8      | Found a stormy altar of Qazlal.
  8203 | D:9      | Reached ** piety under Beogh
  8282 | D:9      | Got the Handbook of Combative Misery
  8307 | D:9      | Reached skill level 16 in Axes
  8371 | D:9      | Paralysed by a hornet for 2 turns
  8593 | D:9      | Found a staircase to the Orcish Mines.
  9202 | D:10     | Entered Level 10 of the Dungeon
  9246 | D:9      | Killed an unseen horror
  9319 | D:9      | Reached skill level 17 in Axes
  9353 | D:10     | Reached XP level 11. HP: 96/104 MP: 11/11
  9391 | D:10     | Reached *** piety under Beogh
  9471 | D:10     | Noticed a deep elf pyromancer
  9471 | D:10     | Noticed a two-headed ogre
  9475 | D:10     | Killed a deep elf pyromancer
  9476 | D:10     | Noticed a white ugly thing
  9477 | D:10     | Killed a two-headed ogre
  9478 | D:10     | Reached skill level 18 in Axes
  9481 | D:10     | Killed a white ugly thing
  9649 | D:10     | Identified the +4 falchion of the Dark Horse {drain, rPois
                  | rC- rCorr Int+6}
  9661 | D:10     | Identified the +6 chain mail of the Northern Lights
                  | {Rampage}
  9939 | D:10     | Found a staircase to the Lair.
  9944 | D:10     | Noticed a two-headed ogre
 10114 | D:10     | Killed a two-headed ogre
 10198 | D:10     | Noticed a two-headed ogre
 10204 | D:10     | Killed a two-headed ogre
 10205 | D:10     | Reached skill level 19 in Axes
 10653 | D:11     | Noticed a four-headed hydra
 10656 | D:11     | Noticed a centaur warrior
 10658 | D:11     | Noticed Fannar
 10834 | D:11     | Noticed Snorg
 10850 | D:11     | Killed Snorg
 11338 | D:1      | Bought a +1 pair of boots of flying for 231 gold pieces
 11348 | D:1      | Bought a +0 pair of gloves for 63 gold pieces
 11482 | Orc:1    | Entered Level 1 of the Orcish Mines
 11482 | Orc:1    | Noticed an orc sorcerer
 11484 | Orc:1    | Noticed an orc knight
 11486 | Orc:1    | Killed an orc sorcerer
 11487 | Orc:1    | Reached XP level 12. HP: 115/115 MP: 12/12
 11888 | Orc:2    | Entered Level 2 of the Orcish Mines
 11888 | Orc:2    | Noticed an orc warlord
 11893 | Orc:2    | Reached skill level 20 in Axes
 11898 | Orc:2    | Killed an orc warlord
 12004 | Orc:2    | Reached **** piety under Beogh
 12011 | Orc:2    | Gained Marbork as an ally
 12056 | Orc:2    | Found a staircase to the Elven Halls.
 12105 | Orc:2    | Found Goyny's Gadget Gallery.
 12113 | Orc:2    | Bought a wand of mindburst (3) for 63 gold pieces
 12123 | Orc:2    | Noticed a soul eater
 12123 | Orc:2    | Noticed an orc high priest
 12136 | Orc:2    | Your ally Marbork died
 12154 | Orc:2    | Noticed an orc high priest
 12157 | Orc:2    | Noticed an orc high priest
 12164 | Orc:2    | Reached skill level 21 in Axes
 12167 | Orc:2    | Killed from afar by an orc high priest

Illustrated notes

Levels and vault maps discovered:
D:1:      erik_arrival_blinker_ship, layout_basic, serial_shops,
          nicolae_shop_overgrown_old_shop, shop, nicolae_shop_stone,
          nicolae_shop_advertising_works [nicolae_subvault_shop_adworks], shop,
          shapermc_ecumenical_altar_starsandcircs
D:2:      layout_rooms, basic_altar, uniq_robin
D:3:      layout_basic, chequers_temple_overflow_statue_of_worship,
          cheibriados_altar_1, uniq_jessica
D:4:      layout_basic, minmay_lizard_king, uniq_edmund, uniq_sigmund,
          uniq_duvessa
D:5:      layout_cave_pools, lemuel_doored_altar, mainiacjoe_overflow_24_doors,
          uniq_menkaure
D:6:      layout_basic, mainiacjoe_overflow_catwalk_spiral,
          mainiacjoe_overflow_swirl, minmay_temple_entry_proselytizer,
          gup_sewer_entry_bowl, kennysheep_generic_room_9, uniq_pikel
D:7:      layout_basic
D:8:      layout_loops_ring, nicolae_qazlal_general_emergency,
          nicolae_yredelemnul_corpse_copse
D:9:      layout_roguey, orc_0_dummy, st_stairs_1
D:10:     minmay_the_grid_octo_tiled_squarecenter
          [minmay_the_grid_octo_clover_2, minmay_the_grid_octo_empty,
          minmay_the_grid_octo_checkered, minmay_the_grid_octo_77,
          minmay_the_grid_square_5x5_megaprize_hollow,
          minmay_the_grid_square_5x5_almost_minimal,
          minmay_the_grid_square_5x5_inner_z,
          minmay_the_grid_square_5x5_shrine2,
          minmay_the_grid_square_5x5_inner_v], layout_rooms, erik_lair_dragon,
          nicolae_twisting_strands, centaur_isle
D:11:     layout_cave_pools, serial_bayou, serial_bayou_shore_a,
          serial_bayou_pond_c, serial_bayou_ford_a, serial_bayou_pond_b,
          gammafunk_ghost_abyssal_escape, uniq_snorg, uniq_fannar
Orc:1:    layout_caves
Orc:2:    st_orc_pillars, layout_diamond_mine, nicolae_shop_gadgets

Skill      XL: |  1  2  3  4  5  6  7  8  9 10 11 12 |
---------------+-------------------------------------+-----
Axes           | 3 4 5 7 8 9 12 14 17 19 21 | 21.0
Fighting       | 4 5 6 7 9 10 11 13 14 | 14.4
Armour         | |  3.3
Shields        | |  3.3

Action                   |  1- 3 |  4- 6 |  7- 9 | 10-12 || total
-------------------------+-------+-------+-------+-------++-------
Melee: War axe           |    98 |   145 |       |       ||   243
       Hand axe          |       |    12 |       |       ||    12
       Executioner's axe |       |    35 |   164 |   236 ||   435
Throw: Boomerang         |       |     4 |       |       ||     4
       Dart              |       |       |       |     4 ||     4
Invok: Convert to Beogh  |       |       |     1 |       ||     1
       Smiting           |       |       |       |     4 ||     4
Evoke: Wand              |       |       |     1 |     6 ||     7
       Phantom mirror    |       |       |       |     1 ||     1
  Use: Scroll            |     3 |     6 |     6 |     2 ||    17
       Potion            |     1 |     2 |     6 |     9 ||    18
 Stab: Distracted        |       |       |       |     2 ||     2
Armor: Ring mail         |    29 |    13 |       |       ||    42
       Chain mail        |       |    51 |    33 |    62 ||   146
       Plate armour      |       |       |    69 |    91 ||   160
Dodge: Dodged            |    40 |    82 |    68 |    99 ||   289
Block: Buckler           |    23 |    44 |       |       ||    67
